 Dungeon Crawl Stone Soup version 0.28.0-45-g0d030f2227 (webtiles) character file.

Game seed: 194213407004589404

9 acdeimund the Firebug (level 2, 0/20 HPs)
             Began as a Human Fire Elementalist on Apr 7, 2022.
             Slain by a jackal (3 damage)
             ... on level 1 of the Dungeon.
             The game lasted 00:02:25 (336 turns).

acdeimund the Firebug (Human Fire Elementalist)      Turns: 336, Time: 00:02:26

Health: 0/20       AC:  2    Str: 10    XL:     2   Next: 20%
Magic:  1/5        EV: 12    Int: 13    God:
Gold:   0          SH:  0    Dex: 13    Spells: 4/5 levels left

rFire   . . .      SeeInvis .   (no weapon)
rCold   . . .      Faith    .   (no shield)
rNeg    . . .      Spirit   .   a - +0 robe
rPois   .          Reflect  .   (no helmet)
rElec   .          Harm     .   (no cloak)
rCorr   .          Rampage  .   (no gloves)
Will    .....                   (no boots)
Stlth   ++........              (no amulet)
HPRegen 0.06/turn               (no ring)
MPRegen 0.09/turn               (no ring)

@: no status effects
A: dopey 1, strong 1
a: no special abilities


You were on level 1 of the Dungeon.
You visited 1 branch of the dungeon, and saw 1 of its levels.

Inventory:

Armour
 a - a +0 robe (worn)
Scrolls
 e - a scroll of teleportation {unknown}
Potions
 d - a potion of mutation


   Skills:
 + Level 0.3 Fighting
 + Level 2.0 Dodging
 + Level 2.0 Stealth
 * Level 2.1 Spellcasting
 * Level 1.3 Conjurations
 * Level 3.1 Fire Magic


You had 4 spell levels left.
You knew the following spells:

 Your Spells              Type           Power      Damage    Failure   Level
a - Foxfire               Conj/Fire      28%        2x1d5     10%         1

Your spell library contained the following spells:

 Spells                   Type           Power      Damage    Failure   Level
 Scorch                   Fire           18%        2d6       11%         2
 Conjure Flame            Conj/Fire      7%         6-21      30%         3
 Inner Flame              Hex/Fire       5%         N/A       36%         3
 Confusing Touch          Hex            1%         N/A       58%         3
 Flame Wave               Conj/Fire      7%         2d5       69%         4
 Yara's Violent Unravell  Hex/Tmut       0%         3d3       100%        5
 Enfeeble                 Hex            0%         N/A       100%        7


Dungeon Overview and Level Annotations

Branches:
Dungeon (1/15)

Altars:


Innate Abilities, Weirdness & Mutations

You are dopey. (Int -2)
Your muscles are strong. (Str +2)


Message History

The jackal barely misses you. The jackal closely misses you.
The jackal bites you but does no damage.
You miss the jackal.
The jackal is severely wounded.
The jackal bites you. The jackal misses you. The jackal barely misses you.
You hit the jackal.
The jackal is almost dead.
The jackal bites you. The jackal closely misses you.
You closely miss the jackal.
The jackal is almost dead.
The jackal closely misses you. The jackal bites you.
The jackal barely misses you. The jackal bites you.
You hit the jackal but do no damage.
The jackal is almost dead.
The jackal bites you but does no damage.
The jackal bites you.
* * * LOW HITPOINT WARNING * * *
You hit the jackal but do no damage.
The jackal is almost dead.
The jackal misses you.
The jackal bites you but does no damage.
The jackal bites you.
* * * LOW HITPOINT WARNING * * *
You hit the jackal.
You kill the jackal!
The jackal bites you but does no damage.
The jackal barely misses you. The jackal misses you.
Casting: Foxfire (safe; 10% risk of failure)
Press: ? - help, Q - select action Dir - look around, f - activate You conjure some foxfire!
The jackal bites you but does no damage. x2
Your foxfire dissipates!
The foxfire hits the jackal.
The jackal is almost dead.
Casting: Foxfire (safe; 10% risk of failure)
Press: ? - help, Q - select action Dir - look around, f - activate You conjure some foxfire!
The jackal bites you.
You die...

###.##..##+++##..
#.###.#.....#..
##.###.#.....#..
#...##.#..<..#.#
#...##.#.....#.#
#...##.##)''##..
#####...####........
#######.v§........##.#....
#........@h..........#.##.
#.#####...v.......####.###
#.h..# #####...##### #.#
##.### #...# #.. #. #...#
##. # #...# . .....
.##.#..


You could see a jackal (ally target).

Vanquished Creatures
  2 endoplasms (D:1)
  2 jackals (D:1)
  A kobold (D:1)
  A quokka (D:1)
  A rat (D:1)
7 creatures vanquished.

Vanquished Creatures (others)
  22 foxfires (D:1)
22 creatures vanquished.

Grand Total: 29 creatures vanquished

Notes
Turn   | Place    | Note
-------+----------+-------------------------------------------
     0 | D:1      | acdeimund the Human Fire Elementalist began the quest for
                  | the Orb.
     0 | D:1      | Reached XP level 1. HP: 13/13 MP: 3/3
   300 | D:1      | Reached XP level 2. HP: 16/19 MP: 3/5
   317 | D:1      | Gained mutation: You are dopey. (Int -2) [potion of
                  | mutation]
   317 | D:1      | Gained mutation: Your muscles are strong. (Str +2) [potion
                  | of mutation]
   336 | D:1      | Slain by a jackal

Illustrated notes

Levels and vault maps discovered:
D:1:      dpeg_arrival_windows_large_door, layout_loops_cross,
          basic_ecumenical_altar, serial_park_tiny_2

Action                   || total
-------------------------++-------
Melee: Unarmed           ||    10
 Cast: Foxfire           ||    13
  Use: Potion            ||     3
Armor: Robe              ||    18
Dodge: Dodged            ||    28
